 Dungeon Crawl Stone Soup version 0.30-a0-782-ge64f9170bb (webtiles) character file.

Game seed: 15103706320997372418

117 NotreDorf the Poker (level 5, -2/41 HPs)
             Began as a Merfolk Gladiator on Feb 18, 2023.
             Slain by a gnoll
             ... wielding a +0 club
              (4 damage)
             ... on level 3 of the Dungeon.
             The game lasted 00:10:02 (1930 turns).

NotreDorf the Poker (Merfolk Gladiator)             Turns: 1930, Time: 00:10:03

Health: -2/41      AC:  5    Str: 17    XL:     5   Next: 1%
Magic:  7/7        EV: 13    Int:  7    God:
Gold:   120        SH:  0    Dex: 15    Spells: 7/7 levels left

rFire   . . .      SeeInvis .    a - +0 trident
rCold   . . .      Faith    .    (no shield)
rNeg    . . .      Spirit   .    b - +0 leather armour
rPois   .          Reflect  .    c - +0 helmet
rElec   .          Harm     .    (no cloak)
rCorr   .          Rampage  .    (no gloves)
Will    .....                    k - +0 pair of boots
Stlth   ++                       (no amulet)
HPRegen 0.26/turn                (no ring)
MPRegen 0.10/turn                (no ring)

@: brilliant
A: (nimble swimmer 2), mertail
a: no special abilities


You were on level 3 of the Dungeon.
You visited 1 branch of the dungeon, and saw 3 of its levels.

You collected 120 gold pieces.

Inventory:

Hand Weapons
 a - a +0 trident (weapon)
Missiles
 d - 3 throwing nets (quivered)
 e - a javelin
Armour
 b - a +0 leather armour (worn)
 c - a +0 helmet (worn)
 k - a +0 pair of boots (worn)
Jewellery
 m - a +5 ring of evasion
Scrolls
 f - 2 scrolls of noise {unknown}
 g - a scroll of amnesia {unknown}
 h - a scroll of teleportation {unknown}
 i - 3 scrolls of identify {unknown}
 n - 2 scrolls of blinking {unknown}
Potions
 j - a potion of magic {unknown}
 l - a potion of curing {unknown}
 o - a potion of berserk rage {unknown}
 p - a potion of brilliance
 q - a potion of resistance {unknown}


   Skills:
 + Level 3.0 Fighting
 + Level 4.8 Polearms
 - Level 2.0 Throwing
 + Level 4.8 Dodging
 + Level 2.1 Stealth
 + Level 1.5 Spellcasting


You had 7 spell levels left.
You didn't know any spells.
Your spell library contained the following spells:

 Spells                   Type           Power      Damage    Failure   Level
 Ensorcelled Hibernation  Hex/Ice        0%         N/A       58%         2
 Spider Form              Tmut/Pois      0%         N/A       83%         3
 Anguish                  Hex/Necr       0%         N/A       99%         4
 Summon Lightning Spire   Summ/Air       0%         N/A       99%         4
 Alistair's Intoxication  Tmut/Pois      0%         N/A       100%        5
 Borgnjor's Vile Clutch   Necr/Erth      0%         N/A       100%        5
 Eringya's Noxious Bog    Tmut/Pois      0%         N/A       100%        6
 Storm Form               Tmut/Air       0%         N/A       100%        7
 Maxwell's Capacitive Co  Air            0%         ∞         100%        8


Dungeon Overview and Level Annotations

Branches:
Dungeon (3/15)

Altars:


Innate Abilities, Weirdness & Mutations

((You are very nimble when in or above water. (Stealth+, EV+, Speed+++)))
Your lower body shifts to a powerful aquatic tail in water.


Message History

Your Fighting skill increases to level 3!
Your Stealth skill increases to level 2!
You feel sick.
You feel sick. The gnoll misses you.
You puncture the gnoll!
The gnoll is severely wounded.
You feel sick.
You are no longer poisoned.
The gnoll barely misses you.
You hit the gnoll but do no damage.
The gnoll is severely wounded.
The gnoll closely misses you.
You hit the gnoll.
The gnoll is severely wounded.
The gnoll hits you with a +2 spear of venom.
You are poisoned.
You puncture the gnoll!
You kill the gnoll!
You feel sick.
You barely miss the gnoll.
The gnoll is moderately wounded.
You feel sick. The gnoll barely misses you.
You hit the gnoll.
The gnoll is severely wounded.
You feel sick. The gnoll hits you with a +0 whip.
* * * LOW HITPOINT WARNING * * *
The gnoll hits you with a +0 whip.
* * * LOW HITPOINT WARNING * * *
You hit the gnoll.
You kill the gnoll!
You feel sick.
You have reached level 5!
You feel stronger.
You closely miss the gnoll.
You feel sick. The gnoll completely misses you.
It was a potion of brilliance.
You feel clever all of a sudden.
You feel sick.
You are no longer poisoned.
The gnoll hits you with a +0 club.
You die...

. ##.8..... .......
....#####........ .......
................. .....g.
#...###.........# ......g
#................ .......
##.###..##....... .......
##.##......#
.......##########.........#
#..lg@............>..#
#.#################### #.
#. .. .8 8.. ...


You could see a gnoll and a frilled lizard.

Vanquished Creatures
  3 gnolls (D:3)
  An adder (D:2)
  4 worms
  4 dart slugs (D:1)
  An orc (D:3)
  3 endoplasms
  3 giant cockroaches (D:1)
  4 hobgoblins (D:1)
  7 jackals (D:2)
  2 quokkas (D:1)
  5 ball pythons (D:1)
  5 bats
  4 frilled lizards
  4 goblins (D:1)
  7 kobolds
  3 rats
60 creatures vanquished.

Notes
Turn   | Place    | Note
-------+----------+-------------------------------------------
     0 | D:1      | NotreDorf the Merfolk Gladiator began the quest for the
                  | Orb.
     0 | D:1      | Reached XP level 1. HP: 16/16 MP: 1/1
   103 | D:1      | Reached XP level 2. HP: 23/23 MP: 2/2
   250 | D:1      | Reached skill level 1 in Stealth
   399 | D:1      | Reached XP level 3. HP: 28/28 MP: 4/4
   648 | D:1      | Reached skill level 1 in Spellcasting
   899 | D:2      | Found a faded altar of an unknown god.
  1011 | D:2      | Reached XP level 4. HP: 33/34 MP: 5/5
  1929 | D:3      | Reached XP level 5. HP: 3/41 MP: 7/7
  1930 | D:3      | HP: 2/41 [poisoned by a gnoll]
  1930 | D:3      | Slain by a gnoll

Illustrated notes

Levels and vault maps discovered:
D:1:      lightli_arrival_maybe_door_vault, layout_basic
D:2:      layout_loops_corners, shapermc_ecumenical_altar_mp_highgroup,
          chequers_arboretum, corexii_leaking_fountain
D:3:      layout_basic, nicolae_overflow_ecumenical_swirl,
          nicolae_uskayaw_dance_hall

Skill      XL: |  1  2  3  4 |
---------------+-------------+-----
Stealth        | 1 2 |  2.1
Spellcasting   | 1 |  1.5
Fighting       | 3 |  3.0
Polearms       | |  4.8
Throwing       | |  2.0
Dodging        | |  4.8

Action                     |  1- 3 |  4- 6 || total
---------------------------+-------+-------++-------
  Melee: Trident           |   102 |    78 ||   180
    Use: Potion            |       |     1 ||     1
   Stab: Sleeping          |     5 |     2 ||     7
 Armour: Leather armour    |    22 |    17 ||    39
  Dodge: Dodged            |    47 |    28 ||    75

Table legend: (Time is in decaauts)
 A = Elapsed time spent in this place.
 B = Non-inter-level travel time spent in this place.
 C = Inter-level travel time spent in this place.
 D = Time resting spent in this place.
 E = Time spent auto-exploring this place.
 F = Levels seen in this place.
 G = Mean time per level.
                   A        B        C        D        E       F      G
               +--------+--------+--------+--------+--------+-----+--------+
         Total |   1943 |   1931 |     12 |      0 |   1516 |   3 |  647.7 |
       Dungeon |   1943 |   1931 |     12 |      0 |   1516 |   3 |  647.7 |
               +--------+--------+--------+--------+--------+-----+--------+

Top non-repeatable levels by time:
     D:2: 995 daAuts
     D:1: 737 daAuts
     D:3: 210 daAuts
